 Dungeon Crawl Stone Soup version 0.31-a0-986-g5e6e4ef867 (webtiles) character file.

Game seed: 14212872272828003824

192 Spaninq the Conjurer (level 5, 0/42 HPs)
             Began as a Draconian Conjurer on Nov 18, 2023.
             Slain by an orc wizard
             ... wielding a +2 dagger of protection
              (3 damage)
             ... on level 5 of the Dungeon.
             The game lasted 00:10:09 (3299 turns).

Spaninq the Conjurer (Draconian Conjurer)           Turns: 3299, Time: 00:10:10

Health: 0/42       AC:  7    Str:  9    XL:     5   Next: 42%
Magic:  4/10       EV: 12    Int: 21    God:
Gold:   39         SH:  0    Dex:  9    Spells: 8/11 levels left

rFire   . . .        b - +0 quarterstaff
rCold   . . .        (shield currently unavailable)
rNeg    . . .        (body armour unavailable)
rPois   .            (helmet restricted)
rElec   .            (no cloak)
rCorr   .            (no gloves)
SInv    .            g - +1 pair of boots {Fly}
Will    .....        (no amulet)
Stlth   +            (no ring)
HPRegen 0.27/turn    (no ring)
MPRegen 0.12/turn

%: no passive effects
@: confused, flying, invisible
A: AC +5, unfitting armour, cold-blooded
a: no special abilities


You were on level 5 of the Dungeon.
You visited 1 branch of the dungeon, and saw 5 of its levels.

You collected 174 gold pieces.
You spent 135 gold pieces at shops.

Inventory:

Hand Weapons
 b - a +0 quarterstaff (weapon)
Armour
 g - a +1 pair of boots of flying (worn)
Wands
 c - a wand of charming (6)
Scrolls
 a - a scroll of enchant armour {unknown}
 d - a scroll of noise {unknown}
 e - a scroll of revelation {unknown}
 f - a scroll of amnesia {unknown}
 i - a scroll of identify {unknown}


   Skills:
 + Level 2.3 Fighting
 - Level 1.7 Dodging
 - Level 1.7 Stealth
 * Level 3.6 Spellcasting
 * Level 5.2 Conjurations


You had 8 spell levels left.
You knew the following spells:

 Your Spells              Type           Power      Damage    Failure   Level
a - Magic Dart            Conj           100%       1d8       1%          1
b - Searing Ray           Conj           50%        2d6       2%          2

Your spell library contained the following spells:

 Spells                   Type           Power      Damage    Failure   Level
 Freeze                   Ice            12%        1d3       12%         1
 Dazzling Flash           Conj/Hex       28%        N/A       13%         3
 Hailstorm                Conj/Ice       14%        3d5       13%         3
 Frozen Ramparts          Ice            6%         1d1       36%         3
 Tukima's Dance           Hex            3%         N/A       36%         3
 Fulminant Prism          Conj/Hex       7%         3d7       38%         4
 Iskenderun's Mystic Bla  Conj/Tloc      14%        2d5       38%         4
 Dimensional Bullseye     Hex/Tloc       1%         N/A       77%         4


Dungeon Overview and Level Annotations

Branches:
Dungeon (6/15)
 Temple: D:4-7

Altars:
Cheibriados

Shops:
D:2 *

Annotations:
D:6 2 runed translucent doors, Blork the orc


Innate Abilities, Weirdness & Mutations

Your plain brown scales are hard. (AC +5)
You cannot fit into any form of body armour.
You are cold-blooded and may be slowed by cold attacks.


Message History

Okay, then.
Casting: Searing Ray (safe; 2% risk of failure)
Confirm with . or Enter, or press ? or * to list all spells.
Aiming: Magic Dart (safe; 1% risk of failure)
Press: ? - help, Shift-Dir - straight line The magic dart hits something but does no damage.
Something hits you.
You completely miss something. Something hits you.
You hit something but do no damage. Something hits you but does no damage.
You hit something. Something hits you. Something hits you but does no damage.
You miss something.
You hear some strange, mumbled words.
You are confused.
You bump into the rock wall.
You hear some strange, mumbled words.
You are more confused.
You bump into the rock wall.
You hear some strange, mumbled words.
You are more confused.
You bump into the rock wall.
Something hits you.
You bump into the rock wall.
Something hits you but does no damage.
You bump into the rock wall.
Something barely misses you.
You barely miss something. Something hits you.
You miss something. Something hits you but does no damage.
You completely miss something. Something hits you. x2
* * * LOW HITPOINT WARNING * * *
It was a potion of invisibility.
You fade into invisibility!
Something hits you but does no damage.
You closely miss something.
Your tail-slap misses something.
You hear some strange, mumbled words.
A magic dart appears from out of thin air!
The magic dart hits you!
* * * LOW HITPOINT WARNING * * *
You hit something. Something hits you.
* * * LOW HITPOINT WARNING * * *
You bump into the rock wall.
Something hits you.
* * * LOW HITPOINT WARNING * * *
You closely miss something. Something hits you.
You die...

#.............#.....
####'##.###.###.....
#)##.#.....# ..
###'##.#...#.#
###..).#.#....... #
#......#.#..####. .#
#......#.#...... ..#
#..........#####...#
#.......)...{@.....#
###.......#######..#
#............. #
###$..........
############


There were no monsters in sight!

Vanquished Creatures
  A scorpion (D:6)
  3 gnolls (D:6)
  2 adders (D:2)
  A shadow imp (D:5)
  An ufetubus (D:6)
  4 worms
  2 dart slugs (D:2)
  4 orcs (D:5)
  6 endoplasms
  2 giant cockroaches (D:1)
  6 goblins
  5 hobgoblins
  3 jackals (D:1)
  3 kobolds
  3 quokkas (D:1)
  4 ball pythons
  2 bats
  A frilled lizard (D:1)
  4 rats
  A spectral kobold (D:2)
58 creatures vanquished.

Notes
Turn   | Place    | Note
-------+----------+-------------------------------------------
     0 | D:1      | Spaninq the Draconian Conjurer began the quest for the Orb.
     0 | D:1      | Reached XP level 1. HP: 14/14 MP: 3/3
   278 | D:1      | Reached XP level 2. HP: 22/22 MP: 3/5
   496 | D:1      | Learned a level 2 spell: Searing Ray
   989 | D:1      | Reached skill level 1 in Fighting
  1357 | D:2      | Reached XP level 3. HP: 18/28 MP: 5/7
  1461 | D:2      | Found Etheah's Assorted Antiques.
  2183 | D:2      | Bought a pair of runed boots for 135 gold pieces
  2207 | D:2      | Reached XP level 4. HP: 35/35 MP: 3/8
  2271 | D:2      | Found a snail-covered altar of Cheibriados.
  2472 | D:2      | Found a faded altar of an unknown god.
  2746 | D:3      | You are sucked into a shaft and drop 3 floors!
  2752 | D:6      | Found a runed translucent door.
  2752 | D:6      | Noticed a scorpion
  2753 | D:6      | Found a runed translucent door.
  2753 | D:6      | Noticed a scorpion
  2753 | D:6      | Noticed a scorpion
  2754 | D:6      | Noticed a scorpion
  2958 | D:6      | Noticed a scorpion
  2982 | D:6      | Killed a scorpion
  2983 | D:6      | Reached skill level 5 in Conjurations
  2983 | D:6      | Reached XP level 5. HP: 35/41 MP: 0/10
  3000 | D:6      | Noticed Blork the orc
  3002 | D:5      | Entered Level 5 of the Dungeon
  3298 | D:5      | HP: 2/42 [something (1)]
  3299 | D:5      | Slain by an orc wizard

Illustrated notes

Levels and vault maps discovered:
D:1:      dpeg_arrival_rooms_with_view, layout_basic
D:2:      layout_basic, serial_shops, nicolae_shop_pleasant_corner_grove,
          basic_altar, dreamdust_ecumenical_altar_drowned_temple,
          nrook_mini_vaults, due_unseen_surprise
D:3:      minmay_chambers_of_twos, layout_basic, serial_shops, shop,
          kennysheep_flooded_box, uniq_pargi
D:5:      layout_basic, kennysheep_mini_moat, ebering_ghost_inner_flame
D:6:      lemuel_insect_pit, layout_basic, uniq_blork_the_orc

Skill      XL: |  1  2  3  4 |
---------------+-------------+-----
Fighting       | 1 2 |  2.3
Spellcasting   | 3 |  3.6
Conjurations   | 5 |  5.2
Dodging        | |  1.7
Stealth        | |  1.7

Action                     |  1- 3 |  4- 6 || total
---------------------------+-------+-------++-------
  Melee: Unarmed           |    11 |     3 ||    14
         Tailslap          |     2 |       ||     2
         Quarterstaff      |       |    15 ||    15
   Cast: Magic Dart        |    71 |     9 ||    80
         Searing Ray       |    11 |    14 ||    25
    Use: Potion            |     1 |     2 ||     3
         Scroll            |       |     2 ||     2
 Armour: Skin              |    19 |    44 ||    63
  Dodge: Dodged            |    22 |    20 ||    42

Table legend: (Time is in decaauts)
 A = Elapsed time spent in this place.
 B = Non-inter-level travel time spent in this place.
 C = Inter-level travel time spent in this place.
 D = Time resting spent in this place.
 E = Time spent auto-exploring this place.
 F = Levels seen in this place.
 G = Mean time per level.
                   A        B        C        D        E       F      G
               +--------+--------+--------+--------+--------+-----+--------+
         Total |   3318 |   3192 |    126 |    171 |   2474 |   5 |  663.6 |
       Dungeon |   3318 |   3192 |    126 |    171 |   2474 |   5 |  663.6 |
               +--------+--------+--------+--------+--------+-----+--------+

Top non-repeatable levels by time:
     D:2: 1431 daAuts
     D:1: 1271 daAuts
     D:5: 300 daAuts
     D:6: 267 daAuts
     D:3: 47 daAuts
